 Dungeon Crawl Stone Soup version 0.30-a0-622-gddc90eaa04 (webtiles) character file.

Game seed: 1106603608651211185

133 whiskeysaurus the Stinger (level 5, -1/35 HPs)
             Began as a Barachi Venom Mage on Jan 10, 2023.
             Slain by a phantom (7 damage)
             ... on level 3 of the Dungeon.
             The game lasted 00:06:17 (2588 turns).

whiskeysaurus the Stinger (Barachi Venom Mage)      Turns: 2588, Time: 00:06:18

Health: -1/35      AC:  2    Str: 15    XL:     5   Next: 16%
Magic:  10/11      EV: 12    Int: 18    God:
Gold:   81         SH:  0    Dex: 12    Spells: 9/12 levels left

rFire   . . .      SeeInvis .    m - +0 short sword (drain)
rCold   . . .      Faith    .    (no shield)
rNeg    . . .      Spirit   .    a - +0 robe
rPois   .          Reflect  .    (no helmet)
rElec   .          Harm     .    (no cloak)
rCorr   .          Rampage  .    (no gloves)
Will    .....                    (no boots)
Stlth   ++                       f - amulet of magic regeneration
HPRegen 0.25/turn                h - +6 ring of strength
MPRegen 0.52/turn                (no ring)

@: slow
A: amphibious, slowness 1, strong legs 1, +LOS
a: Hop


You were on level 3 of the Dungeon.
You visited 1 branch of the dungeon, and saw 3 of its levels.

You collected 81 gold pieces.

Inventory:

Hand Weapons
 i - a +0 dagger
 m - a +0 short sword of draining (weapon)
Armour
 a - a +0 robe (worn)
 j - a +0 kite shield
Jewellery
 f - an amulet of magic regeneration (around neck)
 h - a +6 ring of strength (left hand)
 n - a +6 ring of strength
Scrolls
 d - 2 scrolls of teleportation {unknown}
 e - a scroll of magic mapping {unknown}
 g - 4 scrolls of identify {unknown}
Potions
 b - a potion of magic
 c - a potion of lignification {unknown}
 k - a potion of berserk rage {unknown}
 l - a potion of ambrosia {unknown}
 o - a potion of flight {unknown}


   Skills:
 - Level 2.1 Dodging
 - Level 1.7 Stealth
 + Level 4.0 Spellcasting
 - Level 1.1 Transmutations
 + Level 5.0 Poison Magic


You had 9 spell levels left.
You knew the following spells:

 Your Spells              Type           Power      Damage    Failure   Level
a - Sting                 Tmut/Pois      56%        1d5       4%          1
b - Poisonous Vapours     Pois/Air       24%        N/A       8%          2

Your spell library contained the following spells:

 Spells                   Type           Power      Damage    Failure   Level
 Apportation              Tloc           6%         N/A       14%         1
 Necrotise                Necr           12%        1d4       14%         1
 Summon Small Mammal      Summ           12%        N/A       14%         1
 Olgreb's Toxic Radiance  Pois           21%        N/A       19%         4
 Mephitic Cloud           Conj/Pois/Air  9%         N/A       22%         3


Dungeon Overview and Level Annotations

Branches:
Dungeon (3/15)

Altars:

Shops:
D:3 *


Innate Abilities, Weirdness & Mutations

You are amphibious.
You cover ground slowly.
You can hop short distances.
You have an extended range of vision and can be seen from far away.


Message History

The sting hits the phantom.
The phantom partially resists.
The phantom is lightly damaged.
The phantom hits you.
The phantom blinks!
You blink.
The sting hits the phantom.
The phantom partially resists.
The phantom is moderately damaged.
The phantom hits you.
The sting hits the phantom but does no damage.
The phantom is moderately damaged.
The phantom hits you.
The sting hits the phantom.
The phantom partially resists.
The phantom is moderately damaged.
The phantom hits you.
The phantom blinks!
You blink.
The sting hits the phantom but does no damage.
The phantom is moderately damaged.
The phantom hits you.
You are too injured to fight recklessly!
You are too injured to fight recklessly!
You are too injured to fight recklessly!
You are too injured to fight recklessly!
You hit the phantom but do no damage.
The phantom is moderately damaged.
The phantom closely misses you.
You closely miss the phantom.
The phantom is moderately damaged.
The phantom hits you.
You hit the phantom.
The phantom is moderately damaged.
The phantom closely misses you.
You closely miss the phantom.
The phantom is moderately damaged.
The phantom closely misses you. The hobgoblin barely misses you.
You hit the hobgoblin.
The hobgoblin is lightly wounded.
The phantom hits you.
* * * LOW HITPOINT WARNING * * *
The hobgoblin hits you but does no damage.
You hit the hobgoblin. You drain the hobgoblin.
You kill the hobgoblin!
The phantom hits you!
You die...

############
#...........
###.##########
.....# .....#
##########
.....######......W.#
................@..#
##########......†..#
#..?......# ######
#.........# ..)...
#.......### ##++##
#.......# #.......#
#.........
####......


You could see a phantom.

Vanquished Creatures
  Natasha (twice) (D:3)
  3 adders (D:2)
  A worm (D:3)
  3 orcs (D:3)
  8 bats
  6 endoplasms
  A giant cockroach (D:1)
  2 goblins (D:3)
  5 hobgoblins
  3 kobolds
  A quokka (D:2)
  12 ball pythons
  5 frilled lizards
  2 rats
54 creatures vanquished.

Vanquished Creatures (others)
  A plant (D:3)
1 creature vanquished.

Grand Total: 55 creatures vanquished

Notes
Turn   | Place    | Note
-------+----------+-------------------------------------------
     0 | D:1      | whiskeysaurus the Barachi Venom Mage began the quest for
                  | the Orb.
     0 | D:1      | Reached XP level 1. HP: 13/13 MP: 3/3
   223 | D:1      | Reached XP level 2. HP: 8/19 MP: 0/5
   903 | D:2      | Learned a level 2 spell: Poisonous Vapours
   997 | D:2      | Found a faded altar of an unknown god.
  1010 | D:2      | Reached XP level 3. HP: 16/24 MP: 5/7
  1063 | D:2      | Reached skill level 4 in Poison Magic
  1933 | D:2      | Reached XP level 4. HP: 23/30 MP: 7/9
  2146 | D:3      | Found Diemir's Assorted Antiques.
  2148 | D:3      | Noticed Natasha
  2154 | D:3      | Killed Natasha
  2417 | D:3      | Noticed Natasha
  2423 | D:3      | Killed Natasha
  2424 | D:3      | Reached XP level 5. HP: 34/35 MP: 5/11
  2510 | D:3      | Reached skill level 5 in Poison Magic
  2573 | D:3      | Noticed a phantom
  2588 | D:3      | Slain by a phantom

Illustrated notes

Levels and vault maps discovered:
D:1:      scummos_arrival_star, layout_loops_ring, minivault_25
D:2:      layout_basic, ebering_ecumenical_altar_petrified,
          minmay_shallow_snake_nest
D:3:      layout_basic, serial_shops, nicolae_shop_overgrown_old_shop,
          minmay_misc_feat_doors, kennysheep_generic_room_5, uniq_natasha

Skill      XL: |  1  2  3  4  5 |
---------------+----------------+-----
Spellcasting   | 3 4 |  4.0
Poison Magic   | 4 5 |  5.0
Dodging        | |  2.1
Stealth        | |  1.7
Transmutations | |  1.1

Action                   |  1- 3 |  4- 6 || total
-------------------------+-------+-------++-------
Melee: Unarmed           |    16 |       ||    16
       Dagger            |    14 |       ||    14
       Short sword       |    15 |     9 ||    24
 Cast: Sting             |    61 |    44 ||   105
       Poisonous Vapours |     7 |     5 ||    12
Armor: Robe              |    18 |     2 ||    20
Dodge: Dodged            |    74 |    12 ||    86

Table legend: (Time is in decaauts)
 A = Elapsed time spent in this place.
 B = Non-inter-level travel time spent in this place.
 C = Inter-level travel time spent in this place.
 D = Time resting spent in this place.
 E = Time spent auto-exploring this place.
 F = Levels seen in this place.
 G = Mean time per level.
                   A        B        C        D        E       F      G
               +--------+--------+--------+--------+--------+-----+--------+
         Total |   2916 |   2866 |     50 |      0 |   2471 |   3 |  972.0 |
       Dungeon |   2916 |   2866 |     50 |      0 |   2471 |   3 |  972.0 |
               +--------+--------+--------+--------+--------+-----+--------+

Top non-repeatable levels by time:
     D:2: 1435 daAuts
     D:1: 998 daAuts
     D:3: 483 daAuts
